AoeStats
← SlowHandsManu

Black Forest

505979675Analyzed
4v4 RM · 20d ago on Sep 11, 2026· 29m 52s· 8 players
Game mode
Random Map
Map size
Large (8 player)
Population
200
Speed
Normal
Resources
Standard
Victory
Conquest
Starting age
Dark Age
Ending age
Imperial Age
RankedLock teamsTeams togetherTeam positionsShared explorationLock speedFull tech treeHidden civsTurbo modeCheats
Victory
Defeat
🇩🇪 Vikings · Germany
1573
+10
🇧🇪 Teutons · Belgium
1376
+18
🇩🇪 Mongols · Germany
1361
+18
🇺🇸 Hindustanis · United States
1228
+23
🇮🇹 Cumans · Italy
1464
-19
🇲🇽 Vikings · Mexico
1435
-18
🇫🇷 Slavs · France
1403
-17
🇺🇸 Aztecs · United States
1357
-15
Tishomingo
0:38 Loom
12:33 Feudal Age
12:45 Man-at-Arms
13:11 Double-Bit Axe
13:35 Arson
20:46 Castle Age
20:06 Gold Mining
19:58 Horse Collar
21:42 Bow Saw
22:44 Wheelbarrow
21:47 Pikeman
Gericault667
5:27 Loom
12:13 Feudal Age
18:19 Castle Age
19:56 Scale Barding Armor
20:01 Forging
20:41 Husbandry
23:52 Chain Barding Armor
ITA | Carma III
9:28 Feudal Age
10:24 Double-Bit Axe
10:19 Horse Collar
16:57 Wheelbarrow
21:04 Castle Age
20:03 Stone Mining
21:56 Bow Saw
21:38 Gold Mining
21:49 Heavy Plow
24:52 Scale Barding Armor
24:58 Forging
25:26 Gold Shaft Mining
kazumakine
0:47 Loom
-Greco-
0:45 Loom
13:02 Feudal Age
19:14 Castle Age
17:19 Double-Bit Axe
17:18 Horse Collar
18:30 Fletching
20:30 Bow Saw
20:49 Heavy Plow
22:02 Wheelbarrow
26:29 Hand Cart
27:36 Gold Mining
28:56 Bloodlines
28:58 Forging
28:53 Scale Barding Armor
Rabe3000
7:17 Loom
9:29 Feudal Age
15:23 Wheelbarrow
15:06 Scale Barding Armor
18:29 Horse Collar
20:51 Forging
21:50 Double-Bit Axe
28:00 Castle Age
28:25 Bloodlines
28:06 Light Cavalry
28:47 Husbandry
29:17 Chain Barding Armor
SlowHandsManu
3:39 Loom
13:01 Feudal Age
16:54 Castle Age
15:05 Double-Bit Axe
15:44 Horse Collar
18:11 Bow Saw
25:13 Wheelbarrow
28:26 Pikeman
30:19 Herbal Medicine
DoubleZX
3:50 Loom
15:03 Feudal Age
18:36 Castle Age
16:24 Man-at-Arms
18:01 Scale Mail Armor
18:37 Long Swordsman
20:12 Forging
20:35 Gambesons
21:53 Iron Casting
26:32 Squires
26:21 Arson
27:35 Chain Mail Armor
Connection lost

Rejoining the realm…

Still unreachable

The connection could not be restored.

Session expired

The server has moved on; the page needs a fresh start.